 Dungeon Crawl Stone Soup version 0.18.1-50-g88ac8fd (webtiles) character file.

1248 Kisielow the Infuser (level 8, -3/41 HPs)
             Began as a Deep Elf Conjurer on Sept 18, 2016.
             Killed from afar by an orc wizard (8 damage)
             ... with a puff of flame
             ... on level 6 of the Dungeon.
             The game lasted 00:13:34 (6227 turns).

Kisielow the Infuser (Deep Elf Conjurer)            Turns: 6227, Time: 00:13:35

Health: -3/41      AC:  2    Str:  5    XL:     8   Next: 26%
Magic:  2/14       EV: 13    Int: 23    God:
Gold:   335        SH:  0    Dex: 20    Spells: 3 memorised, 5 levels left

rFire  . . .     SeeInvis .     i - +1 dagger (speed)
rCold  . . .     Gourm    .     a - +0 robe
rNeg   . . .     Faith    .     (no shield)
rPois  .         Spirit   .     (no helmet)
rElec  .         Dismiss  .     (no cloak)
rCorr  .         Reflect  .     (no gloves)
SustAt .         Harm     .     (no boots)
MR     .....                    (no amulet)
Stlth  +.........               (no ring)
                                l - +5 ring of dexterity

@: confused, very slightly contaminated, hasted, very quick, not resistant to
hostile enchantments, very unstealthy
A: blurry vision 1, wild magic 1
a: no special abilities


You were on level 6 of the Dungeon.
You were not hungry.

You visited 2 branches of the dungeon, and saw 7 of its levels.

You collected 335 gold pieces.

Inventory:

Hand Weapons
 i - a +1 dagger of speed (weapon)
Armour
 a - a +0 robe (worn)
 g - a +0 pair of gloves
Jewellery
 l - a +5 ring of dexterity (left hand)
Scrolls
 e - 6 scrolls of teleportation
 j - 2 scrolls of blinking
 k - 3 scrolls of remove curse
 n - a scroll of enchant armour {unknown}
 q - 2 scrolls of identify
 t - a scroll of noise {unknown}
Potions
 d - 2 potions of resistance
 h - a potion of cure mutation {unknown}
 m - 2 potions of lignification
 p - a potion of flight {unknown}
 r - a potion of ambrosia {unknown}
 s - 3 potions of curing {unknown}
Books
 b - a book of Conjurations

   Spells                             Type                      Level
   a - Magic Dart                     Conjuration                  1
   b - Searing Ray                    Conjuration                  2
   c - Dazzling Spray                 Conjuration/Hexes            3
   d - Fulminant Prism                Conjuration/Hexes            4
   e - Iskenderun's Mystic Blast      Conjuration                  4
   f - Iskenderun's Battlesphere      Conjuration/Charms           5
Comestibles
 c - 6 bread rations
 f - 4 meat rations
 u - a chunk of flesh
 v - a beef jerky


   Skills:
 - Level 2.4 Dodging
 - Level 2.4 Stealth
 - Level 3.0 Spellcasting
 * Level 9.0 Conjurations
 + Level 9.7 Charms


You had 5 spell levels left.
You knew the following spells:

 Your Spells              Type           Power        Failure   Level  Hunger
a - Magic Dart            Conj           ####         1%          1    None
b - Searing Ray           Conj           ######       1%          2    ##.....
q - Iskenderun's Battles  Conj/Chrm      ######..     14%         5    ######.


Dungeon Overview and Level Annotations

Branches:
Dungeon (6/15)             Temple (1/1) D:5

Altars:
Ashenzari
Cheibriados
Dithmenos
Elyvilon
Fedhas
Gozag
Makhleb
Nemelex Xobeh
Okawaru
Pakellas
Qazlal
Ru
Sif Muna
Trog
Xom
Yredelemnul

Shops:
D:4 *   D:5 }


Innate Abilities, Weirdness & Mutations

Scrolls take you a little longer to read.
Your spells are a little harder to cast, but a little more powerful.


Message History

Drink which item? (? for menu, Esc to quit)
You feel yourself speed up.
The orc wizard zaps a wand.
You are confused.
It is a wand of confusion.
The orc wizard zaps a wand.
You are more confused.
You're too confused to move!
The orc wizard gestures at you while chanting.
The puff of frost hits you!
* * * LOW HITPOINT WARNING * * *
The orc wizard hits you but does no damage.
The orc wizard zaps a wand.
You easily resist.
An orc comes into view.
You bump into the metal wall.
You bump into the metal wall.
The orc wizard barely misses you.
You hit the orc wizard but do no damage.
The orc wizard is heavily wounded.
The orc wizard gestures at you while chanting.
The puff of flame hits you!
You die...

.#### ... ###.###
##.....## # #
#.......#.#####
#.#.......#......
#....._).....#
#.#.....o.#..# #
#......@# #
##.....## ###.###
.... ##.### ..
#o#


You could see an orc wizard.

Vanquished Creatures
  Grinder (D:5)
  Menkaure (D:5)
  An ice beast (D:6)
  2 ogres
  A water moccasin skeleton (D:4)
  5 crimson imps
  A giant frog skeleton (D:4)
  An orc priest (D:4)
  2 hounds
  An orc wizard (D:6)
  A centaur skeleton (D:6)
  2 iguanas
  A worker ant (D:3)
  Terence (D:3)
  A howler monkey skeleton (D:4)
  6 adders
  An ooze (D:2)
  3 worms (D:3)
  A dart slug (D:4)
  3 giant geckos
  12 orcs
  A ball python (D:4)
  6 giant cockroaches
  13 goblins
  8 hobgoblins
  9 jackals
  4 bats
  4 giant newts
  A jackal skeleton (D:4)
  A jackal zombie (D:4)
  7 kobolds
  11 rats
113 creatures vanquished.

Notes
Turn   | Place    | Note
--------------------------------------------------------------
     0 | D:1      | Kisielow the Deep Elf Conjurer began the quest for the Orb.
     0 | D:1      | Reached XP level 1. HP: 10/10 MP: 6/6
   219 | D:1      | Reached XP level 2. HP: 15/15 MP: 5/8
   222 | D:1      | Reached skill level 5 in Conjurations
   226 | D:1      | Learned a level 2 spell: Searing Ray
   657 | D:1      | Reached XP level 3. HP: 19/19 MP: 3/9
  1245 | D:2      | Reached XP level 4. HP: 22/24 MP: 3/10
  1609 | D:3      | Found a white marble altar of Elyvilon.
  2099 | D:3      | Noticed Terence
  2135 | D:3      | Killed Terence
  2429 | D:3      | Reached XP level 5. HP: 28/28 MP: 7/11
  2466 | D:3      | Learned a level 5 spell: Iskenderun's Battlesphere
  2831 | D:3      | Gained mutation: Your spells are a little harder to cast, but a little more powerful. [potion of mutation]
  2831 | D:3      | Gained mutation: Scrolls take you a little longer to read. [potion of mutation]
  3035 | D:4      | Found a snail-covered altar of Cheibriados.
  3136 | D:4      | Found an iron altar of Okawaru.
  3423 | D:4      | Found a shimmering altar of Xom.
  3489 | D:4      | Found a basalt altar of Yredelemnul.
  3523 | D:4      | Reached skill level 5 in Charms
  3523 | D:4      | Reached XP level 6. HP: 30/32 MP: 2/12
  3912 | D:4      | Found Neroushrauz's Serpentskin Sales.
  4373 | D:5      | Entered Level 5 of the Dungeon
  4441 | D:5      | Noticed Grinder
  4464 | D:5      | Killed Grinder
  4464 | D:5      | Reached XP level 7. HP: 36/36 MP: 2/13
  4645 | D:5      | Found a sacrificial altar of Ru.
  5133 | D:5      | Noticed Menkaure
  5138 | D:5      | Killed Menkaure
  5280 | D:5      | Found an oddly glowing altar of Pakellas.
  5280 | D:5      | Found Pakellas's Prime Provisions.
  5582 | D:5      | Found a staircase to the Ecumenical Temple.
  5590 | Temple   | Entered the Ecumenical Temple
  5937 | D:6      | Reached XP level 8. HP: 41/41 MP: 4/14
  6189 | D:6      | Found a shadowy altar of Dithmenos.
  6227 | D:6      | Killed from afar by an orc wizard

Skill      XL: |  1  2  3  4  5  6  7  8 |
---------------+-------------------------+-----
Conjurations   | 5 6 7 8 9 |  9.0
Charms         | 5 7 9 |  9.7
Dodging        | |  2.4
Stealth        | |  2.4
Spellcasting   | |  3.0

Action                   |  1- 3 |  4- 6 |  7- 9 || total
-------------------------+-------+-------+-------++-------
Melee: Unarmed           |     7 |       |       ||     7
       Dagger            |       |    21 |    12 ||    33
 Cast: Magic Dart        |    52 |   132 |    45 ||   229
       Searing Ray       |     4 |     9 |     2 ||    15
       Iskenderun's Batt |       |     1 |     4 ||     5
  Use: Potion            |     2 |     1 |     1 ||     4
       Scroll            |       |    10 |       ||    10
  Eat: Chunk             |     2 |     4 |     4 ||    10
       Bread ration      |       |     1 |       ||     1
       Meat ration       |       |     1 |       ||     1
Armor: Robe              |     4 |     3 |     2 ||     9
Dodge: Dodged            |    21 |    34 |     7 ||    62
